TOP OF THE 1ST |
New Jersey Fenix batting - Pitching for New Amsterdam Dutchmen : RHP Turner Shamburger
|
Pitching: RHP Turner Shamburger
|
|
Batting: RHB Bobby Butterfield
|
0-0: Called Strike 0-1: Ball 1-1: Swinging Strike 1-2: Strikes out looking
|
Batting: SHB Shiki Sanu
|
0-0: Called Strike 0-1: Ball 1-1: Ball 2-1: Ball 3-1: Base on Balls
|
Batting: LHB Javier Sánchez
|
0-0: Called Strike 0-1: DOUBLE (Line Drive, 78D) Shiki Sanu to third Runner from 3rd tries for Home, SAFE, no throw
|
Batting: LHB Alexis Raimbault
|
0-0: Foul Ball, location: 2F 0-1: Foul Ball, location: 2F 0-2: Foul Ball, location: 2F 0-2: Ground out 3-1 (Groundball, 34) Javier Sánchez to third
|
Batting: LHB Josh Platt
|
0-0: Called Strike 0-1: Ball 1-1: Foul Ball, location: 2F 1-2: Fly out, F6 (Line Drive, 6M)
|
Top of the 1st over - 1 run, 1 hit, 0 errors, 1 left on base; New Jersey 1 - New Amsterdam 0 |
BOTTOM OF THE 1ST |
New Amsterdam Dutchmen batting - Pitching for New Jersey Fenix : RHP Brantford Winstworth III
|
Pitching: RHP Brantford Winstworth III
|
|
Batting: LHB Carlos Campos
|
0-0: Ball 1-0: Ball 2-0: Ball 3-0: Base on Balls
|
Batting: LHB SaQwan Hackett
|
0-0: Foul Ball, location: 2F 0-1: Ball 1-1: Ball 2-1: SINGLE (Groundball, 4MD) Carlos Campos to second Runner from 2nd tries for 3rd, SAFE, no throw
|
Batting: LHB Divine Diablo
|
Balk! Carlos Campos scores SaQwan Hackett to second 0-0: Foul Ball, location: 2F 0-1: Ball 1-1: Ball 2-1: Ball 3-1: Called Strike 3-2: Base on Balls
|
Batting: RHB Kyu-cheol Kye
|
0-0: Ball 1-0: SINGLE (Groundball, 56S) (infield hit) SaQwan Hackett to third Divine Diablo to second
|
Batting: RHB António Martínez
|
0-0: Ball 1-0: Called Strike 1-1: Ball 2-1: Foul Ball, location: 2F 2-2: Foul Ball, location: 2F 2-2: Ball 3-2: Base on Balls SaQwan Hackett scores Divine Diablo to third Kyu-cheol Kye to second
|
Batting: LHB Ángel Ríos
|
0-0: Swinging Strike 0-1: Ball 1-1: Foul Ball, location: 2F 1-2: Strikes out looking
|
Batting: LHB Nobuo Yamashita
|
0-0: Foul Ball, location: 2F 0-1: Foul Ball, location: 2F 0-2: Strikes out swinging
|
Batting: RHB Kyle Vandenbrink
|
0-0: Ball 1-0: Foul Ball, location: 2F 1-1: Fly out, F8 (Flyball, 8RM)
|
Bottom of the 1st over - 2 runs, 2 hits, 0 errors, 3 left on base; New Jersey 1 - New Amsterdam 2 |
TOP OF THE 2ND |
New Jersey Fenix batting - Pitching for New Amsterdam Dutchmen : RHP Turner Shamburger
|
Batting: RHB José Carlos Pérez
|
0-0: Ball 1-0: Ball 2-0: Called Strike 2-1: Fly out, F8 (Flyball, 8LM)
|
Batting: RHB Takashi Miike
|
0-0: Ball 1-0: Foul Ball, location: 2F 1-1: Ground out 4-3 (Groundball, 4)
|
Batting: LHB Elian Gonzalez
|
0-0: Swinging Strike 0-1: Swinging Strike 0-2: Strikes out looking
|
Top of the 2nd over - 0 runs, 0 hits, 0 errors, 0 left on base; New Jersey 1 - New Amsterdam 2 |
BOTTOM OF THE 2ND |
New Amsterdam Dutchmen batting - Pitching for New Jersey Fenix : RHP Brantford Winstworth III
|
Batting: RHB Júlio Flores
|
0-0: Ball 1-0: Swinging Strike 1-1: Ground out 4-3 (Groundball, 4)
|
Batting: LHB Carlos Campos
|
0-0: Ground out 5-3 (Groundball, 56)
|
Batting: LHB SaQwan Hackett
|
0-0: Called Strike 0-1: Ball 1-1: Ball 2-1: Ground out 1-3 (Groundball, P)
|
Bottom of the 2nd over - 0 runs, 0 hits, 0 errors, 0 left on base; New Jersey 1 - New Amsterdam 2 |
TOP OF THE 3RD |
New Jersey Fenix batting - Pitching for New Amsterdam Dutchmen : RHP Turner Shamburger
|
Batting: SHB Jesús Román
|
0-0: Called Strike 0-1: Ball 1-1: Swinging Strike 1-2: TRIPLE (Flyball, 8LXD)
|
Batting: RHB Bobby Butterfield
|
0-0: Ball 1-0: Ball 2-0: Ground out 5-3 (Groundball, 5)
|
Batting: SHB Shiki Sanu
|
0-0: Foul Ball, location: 2F 0-1: Ball 1-1: Ball 2-1: Ball 3-1: Fly out, F5 (Popup, 56S)
|
Batting: LHB Javier Sánchez
|
0-0: Swinging Strike 0-1: Foul Ball, location: 2F 0-2: 2-RUN HOME RUN (Line Drive, 9LD), Distance : 363 ft
|
Batting: LHB Alexis Raimbault
|
0-0: Foul Ball, location: 2F 0-1: Called Strike 0-2: Ground out U3 (Groundball, 3)
|
Top of the 3rd over - 2 runs, 2 hits, 0 errors, 0 left on base; New Jersey 3 - New Amsterdam 2 |
BOTTOM OF THE 3RD |
New Amsterdam Dutchmen batting - Pitching for New Jersey Fenix : RHP Brantford Winstworth III
|
Batting: LHB Divine Diablo
|
0-0: Ground out U3 (Groundball, 3)
|
Batting: RHB Kyu-cheol Kye
|
0-0: Swinging Strike 0-1: Ball 1-1: Swinging Strike 1-2: Ball 2-2: SOLO HOME RUN (Flyball, 7LD), Distance : 346 ft
|
Batting: RHB António Martínez
|
0-0: Foul Ball, location: 2F 0-1: Ball 1-1: Ball 2-1: Ball 3-1: Swinging Strike 3-2: Ground out 1-3 (Groundball, 15S)
|
Batting: LHB Ángel Ríos
|
0-0: Ball 1-0: Ball 2-0: Called Strike 2-1: Fly out, F6 (Popup, 6)
|
Bottom of the 3rd over - 1 run, 1 hit, 0 errors, 0 left on base; New Jersey 3 - New Amsterdam 3 |
TOP OF THE 4TH |
New Jersey Fenix batting - Pitching for New Amsterdam Dutchmen : RHP Turner Shamburger
|
Batting: LHB Josh Platt
|
0-0: Foul Ball, location: 2F 0-1: Fly out, F2 (Popup, 25F)
|
Batting: RHB José Carlos Pérez
|
0-0: Ball 1-0: Swinging Strike 1-1: Ball 2-1: Foul Ball, location: 2F 2-2: Ball 3-2: Ground out 5-3 (Groundball, 56)
|
Batting: RHB Takashi Miike
|
0-0: Swinging Strike 0-1: Called Strike 0-2: Ball 1-2: Foul Ball, location: 2F 1-2: Foul Ball, location: 2F 1-2: Fly out, F8 (Flyball, 8RS)
|
Top of the 4th over - 0 runs, 0 hits, 0 errors, 0 left on base; New Jersey 3 - New Amsterdam 3 |
BOTTOM OF THE 4TH |
New Amsterdam Dutchmen batting - Pitching for New Jersey Fenix : RHP Brantford Winstworth III
|
Batting: LHB Nobuo Yamashita
|
0-0: Foul Ball, location: 2F 0-1: Ball 1-1: Swinging Strike 1-2: Ball 2-2: Strikes out looking
|
Batting: RHB Kyle Vandenbrink
|
0-0: SINGLE (Flyball, 7S)
|
Batting: RHB Júlio Flores
|
0-0: Ball 1-0: Fly out, F9 (Flyball, 9D)
|
Batting: LHB Carlos Campos
|
0-0: Called Strike 0-1: Called Strike 0-2: Ball 1-2: Ball 2-2: Foul Ball, location: 2F 2-2: Reached on error, E6 (Groundball, 6) Kyle Vandenbrink to second
|
Batting: LHB SaQwan Hackett
|
0-0: Swinging Strike 0-1: Ball 1-1: Called Strike 1-2: Foul Ball, location: 2F 1-2: 3-RUN HOME RUN (Flyball, 9D), Distance : 388 ft
|
Batting: LHB Divine Diablo
|
0-0: Ball 1-0: Foul Ball, location: 2F 1-1: Swinging Strike 1-2: Ground out U3 (Groundball, 3)
|
Bottom of the 4th over - 3 runs, 2 hits, 1 error, 0 left on base; New Jersey 3 - New Amsterdam 6 |
TOP OF THE 5TH |
New Jersey Fenix batting - Pitching for New Amsterdam Dutchmen : RHP Turner Shamburger
|
Batting: LHB Elian Gonzalez
|
0-0: Swinging Strike 0-1: SINGLE (Line Drive, 56D)
|
Batting: SHB Jesús Román
|
0-0: Ball 1-0: Ball 2-0: Foul Ball, location: 2F 2-1: Called Strike 2-2: Strikes out swinging
|
Batting: RHB Bobby Butterfield
|
0-0: Called Strike 0-1: Ball 1-1: Ball 2-1: Ball 3-1: DOUBLE (Line Drive, 78XD) Elian Gonzalez to third Runner from 3rd tries for Home, SAFE, no throw
|
Batting: SHB Shiki Sanu
|
0-0: Ball 1-0: Ball 2-0: Called Strike 2-1: Ball 3-1: Base on Balls
|
Batting: LHB Javier Sánchez
|
0-0: Ground out 4-3 (Groundball, 4D) Bobby Butterfield to third Shiki Sanu to second
|
Batting: LHB Alexis Raimbault
|
0-0: Ball 1-0: Foul Ball, location: 2F 1-1: SINGLE (Groundball, 56S) (infield hit) Bobby Butterfield scores Shiki Sanu to third
|
Batting: LHB Josh Platt
|
0-0: Called Strike 0-1: Foul Ball, location: 2F 0-2: Ball 1-2: Ball 2-2: Strikes out swinging
|
Top of the 5th over - 2 runs, 3 hits, 0 errors, 2 left on base; New Jersey 5 - New Amsterdam 6 |
BOTTOM OF THE 5TH |
New Amsterdam Dutchmen batting - Pitching for New Jersey Fenix : RHP Brantford Winstworth III
|
Batting: RHB Kyu-cheol Kye
|
0-0: SINGLE (Groundball, 6D)
|
Batting: RHB António Martínez
|
0-0: Ball 1-0: Ball 2-0: Called Strike 2-1: Swinging Strike 2-2: Ball Kyu-cheol Kye steals 2nd base 3-2: Base on Balls
|
Batting: LHB Ángel Ríos
|
0-0: Called Strike 0-1: Ball 1-1: Ball Wild Pitch! Kyu-cheol Kye to third António Martínez to second 2-1: Foul Ball, location: 2F 2-2: Ball 3-2: Base on Balls
|
Batting: LHB Nobuo Yamashita
|
0-0: Ball Wild Pitch! Kyu-cheol Kye scores António Martínez to third Ángel Ríos to second 1-0: Fly out, F3 (Line Drive, 3S)
|
Batting: RHB Kyle Vandenbrink
|
0-0: Swinging Strike 0-1: Ball 1-1: Ground out 6-3 (Groundball, 6) António Martínez scores
|
Pitching: RHP Javier Castillo
|
|
Batting: RHB Júlio Flores
|
0-0: Foul Ball, location: 2F 0-1: Swinging Strike 0-2: Fly out, F7 (Flyball, 7)
|
Bottom of the 5th over - 2 runs, 1 hit, 0 errors, 1 left on base; New Jersey 5 - New Amsterdam 8 |
TOP OF THE 6TH |
New Jersey Fenix batting - Pitching for New Amsterdam Dutchmen : RHP Turner Shamburger
|
Batting: RHB José Carlos Pérez
|
0-0: Ball 1-0: Ball 2-0: Fly out, F7 (Flyball, 78M)
|
Batting: RHB Takashi Miike
|
0-0: Called Strike 0-1: Ball 1-1: Foul Ball, location: 2F 1-2: Ball 2-2: Ball 3-2: SINGLE (Flyball, 8RS)
|
Batting: LHB Elian Gonzalez
|
0-0: Called Strike 0-1: Ball 1-1: Ball 2-1: Ball 3-1: Foul Ball, location: 2F 3-2: DOUBLE (Line Drive, 8RD) Takashi Miike to third Runner from 3rd tries for Home, SAFE, no throw
|
Pitching: RHP Jong-yun Chong
|
|
Batting: SHB Jesús Román
|
0-0: Ball 1-0: Foul Ball, location: 2F 1-1: Foul Ball, location: 2F 1-2: Foul Ball, location: 2F 1-2: Ground out 4-3 (Groundball, 4) Elian Gonzalez to third
|
Batting: RHB Bobby Butterfield
|
0-0: Ground out 5-3 (Groundball, 5S)
|
Top of the 6th over - 1 run, 2 hits, 0 errors, 1 left on base; New Jersey 6 - New Amsterdam 8 |
BOTTOM OF THE 6TH |
New Amsterdam Dutchmen batting - Pitching for New Jersey Fenix : RHP Javier Castillo
|
Batting: LHB Carlos Campos
|
0-0: Ball 1-0: Fly out, F8 (Line Drive, 78XD)
|
Batting: LHB SaQwan Hackett
|
0-0: Fly out, F9 (Flyball, 9S)
|
Batting: LHB Divine Diablo
|
0-0: Called Strike 0-1: Swinging Strike 0-2: Strikes out swinging
|
Bottom of the 6th over - 0 runs, 0 hits, 0 errors, 0 left on base; New Jersey 6 - New Amsterdam 8 |
TOP OF THE 7TH |
New Jersey Fenix batting - Pitching for New Amsterdam Dutchmen : RHP Orynn Veillon
|
Pitching: RHP Orynn Veillon
|
|
Batting: SHB Shiki Sanu
|
0-0: Ball 1-0: Swinging Strike 1-1: SINGLE (Flyball, 8LS)
|
Batting: LHB Javier Sánchez
|
0-0: Foul Ball, location: 2F 0-1: Ball 1-1: Called Strike 1-2: Foul Ball, location: 2F 1-2: DOUBLE (Groundball, 3L) Shiki Sanu to third Runner from 3rd tries for Home, SAFE, no throw
|
Batting: LHB Alexis Raimbault
|
0-0: Ball 1-0: Ball 2-0: Ball 3-0: Called Strike 3-1: Swinging Strike 3-2: Foul Ball, location: 2F 3-2: Strikes out swinging
|
Batting: LHB Josh Platt
|
0-0: Foul Ball, location: 2F 0-1: Ball 1-1: Swinging Strike 1-2: Ball 2-2: Strikes out looking
|
Batting: RHB José Carlos Pérez
|
0-0: Fly out, F4 (Popup, 4D)
|
Top of the 7th over - 1 run, 2 hits, 0 errors, 1 left on base; New Jersey 7 - New Amsterdam 8 |
BOTTOM OF THE 7TH |
New Amsterdam Dutchmen batting - Pitching for New Jersey Fenix : RHP Javier Castillo
|
Batting: RHB Kyu-cheol Kye
|
0-0: Ball 1-0: Ball 2-0: Ball 3-0: Called Strike 3-1: SOLO HOME RUN (Flyball, 7LD), Distance : 421 ft
|
Batting: RHB António Martínez
|
0-0: Ball 1-0: Called Strike 1-1: Swinging Strike 1-2: Ball 2-2: Foul Ball, location: 2F 2-2: Ball 3-2: Foul Ball, location: 2F 3-2: Ground out 5-3 (Groundball, 56)
|
Batting: LHB Ángel Ríos
|
0-0: Ball 1-0: Reached on error, E5 (Groundball, 5)
|
Batting: LHB Nobuo Yamashita
|
0-0: Called Strike 0-1: Ball 1-1: Ground out 3-1 (Groundball, 23) Ángel Ríos to third
|
Batting: RHB Kyle Vandenbrink
|
0-0: Called Strike 0-1: Ball 1-1: Foul Ball, location: 2F 1-2: Foul Ball, location: 2F 1-2: Ball 2-2: Foul Ball, location: 2F 2-2: Foul Ball, location: 2F 2-2: Ball 3-2: Base on Balls
|
Pinch Hitting: RHB Pedro Santos
|
0-0: Ball 1-0: Called Strike 1-1: Ball Kyle Vandenbrink is caught stealing 2nd base
|
Bottom of the 7th over - 1 run, 1 hit, 1 error, 1 left on base; New Jersey 7 - New Amsterdam 9 |
TOP OF THE 8TH |
New Jersey Fenix batting - Pitching for New Amsterdam Dutchmen : RHP Orynn Veillon
|
Now at 2B: Ricardo Pulido
|
|
Batting: RHB Takashi Miike
|
0-0: Fly out, F6 (Popup, P)
|
Batting: LHB Elian Gonzalez
|
0-0: Ball 1-0: Ball 2-0: Ball 3-0: Called Strike 3-1: Foul Ball, location: 2F 3-2: Base on Balls
|
Batting: SHB Jesús Román
|
0-0: Ball 1-0: Ball Wild Pitch! Elian Gonzalez to second 2-0: Foul Ball, location: 2F 2-1: Swinging Strike 2-2: Strikes out swinging
|
Batting: RHB Bobby Butterfield
|
0-0: Fly out, F7 (Line Drive, 7)
|
Top of the 8th over - 0 runs, 0 hits, 0 errors, 1 left on base; New Jersey 7 - New Amsterdam 9 |
BOTTOM OF THE 8TH |
New Amsterdam Dutchmen batting - Pitching for New Jersey Fenix : RHP Javier Castillo
|
Batting: RHB Ricardo Pulido
|
0-0: Ball 1-0: Fly out, F9 (Flyball, 9)
|
Batting: LHB Carlos Campos
|
0-0: Ball 1-0: Called Strike 1-1: Called Strike 1-2: Fly out, F3 (Popup, 3F)
|
Batting: LHB SaQwan Hackett
|
0-0: Called Strike 0-1: SINGLE (Line Drive, 34)
|
Batting: LHB Divine Diablo
|
0-0: Ball 1-0: Reached on error, E5 (Groundball, 56) SaQwan Hackett to second
|
Batting: RHB Kyu-cheol Kye
|
0-0: Ball 1-0: Foul Ball, location: 2F 1-1: Called Strike 1-2: Ball 2-2: Foul Ball, location: 2F 2-2: Ball 3-2: Base on Balls SaQwan Hackett to third Divine Diablo to second
|
Batting: RHB António Martínez
|
0-0: Called Strike 0-1: Ball 1-1: Ball 2-1: Foul Ball, location: 2F 2-2: Ball 3-2: Foul Ball, location: 2F 3-2: Foul Ball, location: 2F 3-2: Base on Balls SaQwan Hackett scores Divine Diablo to third Kyu-cheol Kye to second
|
Pitching: RHP Andrei-Luiz Frial
|
|
Batting: LHB Ángel Ríos
|
0-0: Ball 1-0: Called Strike 1-1: Called Strike 1-2: Strikes out looking
|
Bottom of the 8th over - 1 run, 1 hit, 1 error, 3 left on base; New Jersey 7 - New Amsterdam 10 |
TOP OF THE 9TH |
New Jersey Fenix batting - Pitching for New Amsterdam Dutchmen : RHP Orynn Veillon
|
Pitching: RHP Lorenzo Fabián
|
|
Batting: SHB Shiki Sanu
|
0-0: Ball 1-0: Ball 2-0: Called Strike 2-1: Called Strike 2-2: Ball 3-2: Fly out, F6 (Popup, 4MD)
|
Batting: LHB Javier Sánchez
|
0-0: Ball 1-0: Ground out U3 (Groundball, 3L)
|
Batting: LHB Alexis Raimbault
|
0-0: Ball 1-0: Foul Ball, location: 2F 1-1: Swinging Strike 1-2: Strikes out swinging
|
Top of the 9th over - 0 runs, 0 hits, 0 errors, 0 left on base; New Jersey 7 - New Amsterdam 10 |
|